 Dungeon Crawl Stone Soup version 0.16-a0-3467-gfe061fe (webtiles) character file.

95 NewYearsCrawler the Shield-Bearer (level 4, -4/37 HPs)
             Began as a Formicid Fighter on Jan 3, 2015.
             Killed from afar by Grinder (9 damage)
             ... with a wand of frost
             ... on level 3 of the Dungeon.
             The game lasted 00:03:49 (1725 turns).

NewYearsCrawler the Shield-Bearer (FoFi)            Turns: 1725, Time: 00:03:49

Health: -4/37      AC:  7    Str: 22    XL:     4   Next: 95%
Magic:  5/5        EV:  8    Int:  7    God:
Gold:   97         SH: 10    Dex: 10    Spells: 0 memorised, 3 levels left

rFire  . . .     SeeInvis +     a - +0 war axe
rCold  . . .     Clarity  .     b - +0 scale mail
rNeg   . . .     SustAb   .     c - +0 shield
rPois  .         Gourm    .     (helmet unavailable)
rElec  .         Spirit   .     (no cloak)
rCorr  +         Warding  .     (no gloves)
rMut   .         Stasis   +     (no boots)
MR     .....                    t - amulet of resist corrosion
Stlth  ..........               (no ring)
                                (no ring)

@: not resistant to hostile enchantments, extremely unstealthy
A: permanent stasis, dig shafts and tunnels, four strong arms, antennae 3
a: Dig, Shaft Self


You were on level 3 of the Dungeon.
You were not hungry.

You visited 1 branch of the dungeon, and saw 3 of its levels.

You collected 97 gold pieces.

Inventory:

Hand weapons
 a - a +0 war axe (weapon)
Armour
 b - a +0 scale mail (worn)
 c - a +0 shield (worn)
Jewellery
 t - an amulet of resist corrosion (around neck)
Scrolls
 g - 2 scrolls of recharging {unknown}
 i - a scroll of teleportation {unknown}
 j - a scroll of magic mapping {unknown}
 l - 2 scrolls of identify {unknown}
 m - a scroll of remove curse {unknown}
 n - 2 scrolls of fog {unknown}
 o - a scroll of random uselessness {unknown}
 p - a scroll of amnesia {unknown}
 u - a scroll of enchant armour {unknown}
Potions
 e - a potion of might
 q - a potion of flight {unknown}
 r - a potion of curing {unknown}
Comestibles
 d - 3 bread rations
 f - a meat ration
 s - 3 chunks of flesh


   Skills:
 + Level 3.8 Fighting
 + Level 2.6 Axes
 + Level 3.9 Armour
 + Level 1.0 Dodging
 + Level 4.7 Shields


You had 3 spell levels left.
You didn't know any spells.

Dungeon Overview and Level Annotations

Branches:
Dungeon (3/15)

Altars:

Annotations:
D:3 Grinder


Innate Abilities, Weirdness & Mutations

You are under a permanent stasis effect.
You can dig through walls and to a lower floor.
Your four strong arms can wield two-handed weapons with a shield.
You have a pair of large antennae on your head (SInv).


Message History

It was a potion of heal wounds.
You feel much better.
The teleport trap disappears.
The hobgoblin disappears!
Grinder zaps a wand.
You block the puff of frost.
Drink which item? (? for menu, Esc to quit)
Okay, then.
Grinder zaps a wand.
The puff of frost hits you!
Grinder zaps a wand.
The puff of frost hits you!
You closely miss Grinder.
Grinder is almost dead.
Grinder gestures at you.
You barely resist.
Grinder gestures.
Grinder blinks!
Grinder zaps a wand.
You block the puff of frost.
Grinder zaps a wand.
The puff of frost hits you!
* * * LOW HITPOINT WARNING * * *
Grinder zaps a wand.
The puff of frost hits you!
* * * LOW HITPOINT WARNING * * *
Grinder zaps a wand.
The puff of frost hits you!
You die...

##...##.##..........#..#
#....##.##...........<..
#...##.##..........#..
#...##.##............
#...##..............
#..................
#....#..#.........
####...............#
..........@.5....... .
#####....#..#...... .
.........#......... ....
##.##....##.#...... ...>
#.##............. #.#.
#####...........>... .
.... #........#.###.#....
#.#.##.#. #.###<##.#.#
#.#.)...#.#.##.##
#.##.#.###.#.....#...##.##


You could see Grinder.

Vanquished Creatures
  An orc wizard (D:3)
  An adder (D:3)
  2 oozes (D:1)
  3 orcs (D:3)
  8 bats
  4 giant cockroaches (D:2)
  9 goblins
  4 hobgoblins
  7 jackals
  5 kobolds
  2 ball pythons
  A giant newt (D:1)
  4 rats
51 creatures vanquished.

Notes
Turn   | Place    | Note
--------------------------------------------------------------
     0 | D:1      | NewYearsCrawler, the Formicid Fighter, began the quest for the Orb.
     0 | D:1      | Reached XP level 1. HP: 18/18 MP: 1/1
    96 | D:1      | Reached XP level 2. HP: 17/24 MP: 3/3
   433 | D:1      | You fall through a shaft!
   436 | D:2      | Reached skill level 4 in Shields
   438 | D:2      | Reached XP level 3. HP: 29/29 MP: 4/4
  1270 | D:3      | Reached XP level 4. HP: 17/37 MP: 5/5
  1612 | D:3      | Reached skill level 1 in Dodging
  1699 | D:3      | Noticed Grinder
  1725 | D:3      | Killed from afar by Grinder

Action                   |  1- 3 |  4- 6 || total
-------------------------+-------+-------++-------
Melee: War axe           |   113 |    60 ||   173
  Use: Potion            |       |     2 ||     2
  Eat: Chunk             |     1 |     2 ||     3
